 Dungeon Crawl Stone Soup version 0.29-a0-344-ge2f44be95a (webtiles) character file.

Game seed: 14170349829457551082

109204 Skoner the Bludgeoner (level 16, -2/105 HPs)
             Began as a Gargoyle Fighter on Apr 21, 2022.
             Was a High Priest of the Shining One.
             Killed from afar by a fire dragon (40 damage)
             ... with a blast of flame
             ... on level 6 of the Lair of Beasts.
             The game lasted 00:52:17 (30663 turns).

Skoner the Bludgeoner (Gargoyle Fighter)           Turns: 30663, Time: 00:52:18

Health: -2/105     AC: 48    Str: 25    XL:     16   Next: 51%
Magic:  24/24      EV: 16    Int:  6    God:    the Shining One [*****.]
Gold:   1566       SH:  8    Dex: 16    Spells: 15/15 levels left

rFire   . . .      SeeInvis .   V - +8 sacred scourge (holy)
rCold   + . .      Faith    .   I - +0 buckler {reflect}
rNeg    + + +      Spirit   .   A - +7 chain mail of Latyrig {rPois Will++ Int-4}
rPois   ∞          Reflect  +   J - +1 helmet
rElec   +          Harm     .   u - +1 cloak
rCorr   .          Rampage  .   p - +2 pair of gloves
Will    ++++.                   t - +2 pair of boots of the Kettle-Drum {rC+ Will+ Dex+5}
Stlth   ..........              f - amulet of regeneration
HPRegen 1.07/turn               K - +4 ring of evasion
MPRegen 0.19/turn               H - +4 ring of protection

@: flying, glowing, studying Ice Magic
A: sickness immunity, AC +12, big wings, negative energy resistance 1,
electricity resistance, torment resistance 1, petrification resistance
a: Renounce Religion, Divine Shield, Cleansing Flame, Summon Divine Warrior


You were on level 6 of the Lair of Beasts.
You worshipped the Shining One.
The Shining One was extremely pleased with you.
You visited 5 branches of the dungeon, and saw 25 of its levels.
You also visited: Bailey, Ice Cave and Volcano.

You collected 2554 gold pieces.
You spent 988 gold pieces at shops.

Inventory:

Hand Weapons
 V - a +8 sacred scourge of holy wrath (weapon)
 Z - the +7 mace of Offence {flame, rF+ rC+ Int+4}
   (You found it on level 12 of the Dungeon)

   It burns those it strikes, dealing additional fire damage.
   Int:       It affects your intelligence (+4).
   rF:        It protects you from fire.
   rC:        It protects you from cold.
Missiles
 R - a throwing net (quivered)
Armour
 p - a +2 pair of gloves (worn)
 t - the +2 pair of boots of the Kettle-Drum (worn) {rC+ Will+ Dex+5}
   (You found it in an ice cave)

   Dex:       It affects your dexterity (+5).
   rC:        It protects you from cold.
   Will:      It increases your willpower.
 u - a +1 cloak (worn)
 A - the +7 chain mail of Latyrig (worn) {rPois Will++ Int-4}
   (You found it in a bailey)

   Int:       It affects your intelligence (-4).
   rPois:     It protects you from poison.
   Will:      It greatly increases your willpower.
 C - a +1 plate armour of cold resistance
 I - a +0 buckler of reflection (worn)
 J - a +1 helmet (worn)
Jewellery
 f - an amulet of regeneration (around neck)
 r - a ring of resist corrosion
 w - a ring of protection from cold
 H - a +4 ring of protection (right hand)
 K - a +4 ring of evasion (left hand)
 N - a ring of willpower
 P - a +6 ring of strength
 U - a ring of protection from cold
 Y - an amulet of faith
Wands
 c - a wand of polymorph (3)
 M - a wand of flame (13)
 S - a wand of digging (4)
Scrolls
 b - 13 scrolls of teleportation
 e - 5 scrolls of blinking
 g - 3 scrolls of silence
 j - a scroll of immolation
 k - 4 scrolls of fog
 n - 6 scrolls of fear
 s - 3 scrolls of vulnerability
 v - 4 scrolls of summoning
 x - 3 scrolls of amnesia
 y - 7 scrolls of enchant armour
 z - a scroll of brand weapon
 F - 8 scrolls of identify
 G - a scroll of magic mapping
 Q - 2 scrolls of holy word
Potions
 a - 3 potions of lignification
 d - 4 potions of might
 h - 4 potions of attraction
 i - 2 potions of heal wounds
 m - 2 potions of mutation
 o - 7 potions of curing
 q - 3 potions of ambrosia
 B - 2 potions of magic
 D - 5 potions of haste
 E - 3 potions of cancellation
 L - 6 potions of flight
 O - 2 potions of resistance
 W - 4 potions of brilliance
Miscellaneous
 l - a box of beasts


   Skills:
 * Level 13.7 Fighting
 * Level 15.3 Maces & Flails
 * Level 14.3 Armour
 * Level 8.0 Dodging
 * Level 14.0 Shields
 * Level 10.7 Invocations


You had 15 spell levels left.
You didn't know any spells.
Your spell library contained the following spells:

 Spells                   Type           Power      Damage    Failure   Level
 Animate Skeleton         Necr           0%         N/A       94%         1
 Apportation              Tloc           0%         N/A       94%         1
 Magic Dart               Conj           0%         1d3       94%         1
 Slow                     Hex            0%         N/A       94%         1
 Summon Small Mammal      Summ           0%         N/A       94%         1
 Call Imp                 Summ           0%         N/A       98%         2
 Ensorcelled Hibernation  Hex/Ice        0%         N/A       98%         2
 Confusing Touch          Hex            0%         N/A       100%        3
 Mephitic Cloud           Conj/Pois/Air  0%         N/A       100%        3
 Ozocubu's Armour         Ice            0%         N/A       100%        3
 Spider Form              Tmut/Pois      0%         N/A       100%        3
 Vampiric Draining        Necr           0%         2d6       100%        3
 Anguish                  Hex/Necr       0%         N/A       100%        4
 Summon Lightning Spire   Summ/Air       0%         N/A       100%        4
 Conjure Ball Lightning   Conj/Air       0%         3x3d6     100%        6
 Ozocubu's Refrigeration  Ice            0%         4d5       100%        7
 Storm Form               Tmut/Air       0%         N/A       100%        7
 Discord                  Hex            0%         N/A       100%        8
 Disjunction              Tloc           0%         N/A       100%        8
 Maxwell's Capacitive Co  Air            0%         ∞         100%        8


Dungeon Overview and Level Annotations

Branches:
Dungeon (15/15)            Temple (1/1) D:4            Lair (6/6) D:10
 Shoals (0/4) Lair:4       Spider (0/4) Lair:4          Orc (2/2) D:11
    Elf (0/3) Orc:2        Vaults (0/5) D:14         Depths (1/4) D:15
 Bailey (visited)           IceCv (visited)         Volcano (visited)
  Slime: Lair:5-6

Altars:
Cheibriados
Elyvilon
Gozag
Makhleb
Nemelex Xobeh
Okawaru
Qazlal
Ru
Trog
Uskayaw
Vehumet
Wu Jian
Xom
Zin
The Shining One
Beogh

Shops:
D:1 =   D:6 [   D:7 !   D:14 [?   Orc:2 *:(=

Annotations:
D:12 1 runed translucent door, ang3lsp1der's ghost, journeyman MiFi


Innate Abilities, Weirdness & Mutations

You are immune to sickness and miasma.
Your stone body is resilient. (AC +12)
You are immune to poison.
Your large and strong wings let you fly.
You resist negative energy. (rN+)
You are resistant to electric shocks. (rElec)
You are resistant to unholy torment.
You are immune to petrification.


Message History

A death yak comes into view.
The death yak bellows!
A death yak comes into view.
The fire dragon bites you but does no damage.
The fire dragon claws you but does no damage.
The fire dragon tramples you but does no damage.
The death yak bellows!
You whack the fire dragon!
The fire dragon is lightly wounded.
The yak gores you.
The death yak gores you but does no damage.
The fire dragon bites you. The fire dragon closely misses you.
The fire dragon tramples you but does no damage.
You whack the fire dragon!
The fire dragon is lightly wounded.
Unknown command.
You thrash the yak!!
You kill the yak!
The death yak gores you but does no damage.
The fire dragon breathes flames at you. The blast of flame hits you!!!
A death yak comes into view.
The death yak bellows!
You hear a roar!
Your Dodging skill increases to level 8!
You are too injured to fight recklessly!
You hit the fire dragon.
The fire dragon is lightly wounded.
Unknown command.
You are too injured to fight recklessly!
The death yak gores you but does no damage.
The fire dragon barely misses you. You block the fire dragon's attack.
The fire dragon misses you.
You see here a yak corpse.
The yak attacks as you move away! The yak gores you!
You block the death yak's attack.
There is a stone staircase leading up, spattered with blood here.
The death yak completely misses you. The fire dragon breathes flames at you.
The blast of flame hits you!!!
You die...

................
................
...............
#.............
###........)..
#.............
#.........#
..#.....[†..#
....Y.YYYY@..#
#..#.....D...#
#. ########### .


You could see a fire dragon (catching breath), 4 death yaks and a yak.

Vanquished Creatures
  A lich (Depths:1)
  A reaper (IceCv)
  2 vampire knights
  A red draconian (Volcano)
  Snorg (Orc:2)
  An ettin (D:15)
  Fannar (D:10)
  A yaktaur captain (D:13)
  2 rakshasas (D:15)
  7 boulder beetles
  6 ogre magi
  7 hydras
  8 centaur warriors
  2 death knights (D:15)
  18 two-headed ogres
  Urug (Lair:2)
  An orc high priest (Orc:2)
  Sonja (Orc:1)
  Nergalle (D:10)
  Amaemon (D:10)
  A skeletal warrior (D:13)
  A glowing orange brain (D:15)
  A lindwurm (Lair:5)
  An orc knight (D:14)
  25 ugly things
  3 deep elf pyromancers
  A necromancer (D:14)
  A phantasmal warrior (D:15)
  A deep elf zephyrmancer (D:9)
  3 oklob plants (Lair:5)
  2 wolf spiders
  4 cyclopes
  2 orc sorcerers
  5 manticores
  4 elephants (Lair:3)
  2 ice statues (IceCv)
  6 black mambas
  A merfolk siren (Lair:4)
  Joseph (D:7)
  2 gargoyles
  13 cane toads
  2 molten gargoyles (Volcano)
  Maggie (Lair:2)
  An orange demon (D:10)
  2 yaktaurs (D:13)
  5 anaconda simulacra (IceCv)
  6 komodo dragons
  5 rime drakes
  A freezing wraith (D:15)
  3 entropy weaver simulacra (IceCv)
  3 kobold demonologists (D:11)
  A tengu conjurer (D:15)
  8 ice devils (IceCv)
  9 trolls
  2 hornets
  4 meliai
  19 blink frogs
  A polar bear (Lair:6)
  6 slime creatures (D:15)
  5 shadows
  Sigmund (D:5)
  3 wraiths
  4 wyverns
  33 yaks
  3 water elementals (Depths:1)
  A dire elephant simulacrum (IceCv)
  2 vampires
  2 humans (D:12)
  6 basilisks
  A fire bat (shapeshifter) (D:15)
  A fire bat (Volcano)
  6 vampire mosquitoes
  Menkaure (D:5)
  2 wargs (D:10)
  5 acid dragons
  A harpy simulacrum (IceCv)
  14 water moccasins
  16 orc warriors
  2 sky beasts
  2 ice beasts
  6 black bears
  24 ogres
  9 centaurs
  9 wolves
  3 kobold brigands
  3 gnoll sergeants
  4 necrophages
  3 scorpions
  12 bullfrogs
  2 wights (D:8)
  9 killer bees
  7 howler monkeys
  8 vampire bats (Bailey)
  6 wolf zombies (Bailey)
  4 lava snakes (Volcano)
  Crazy Yiuf (D:5)
  9 orc priests
  2 gnoll shamans
  7 hounds
  5 iguanas
  5 jellies
  20 orc wizards
  2 hell rats (Lair:1)
  A troll simulacrum (IceCv)
  A wolf simulacrum (IceCv)
  9 gnolls
  13 adders
  8 river rats (Lair:1)
  A shadow imp (D:5)
  5 white imps
  4 ufetubi
  5 worms
  A dart slug (D:5)
  43 orcs
  6 ball pythons
  13 bats
  6 endoplasms
  A giant cockroach (D:1)
  6 hobgoblins
  6 quokkas
  A frilled lizard (D:2)
  7 goblins
  7 kobolds
  25 orc zombies (Bailey)
  7 rats
670 creatures vanquished.

Vanquished Creatures (collateral kills)
  A centaur warrior (D:9)
  An iguana (D:7)
2 creatures vanquished.

Vanquished Creatures (others)
  An orc priest (Orc:2)
  3 orcs
  17 fungi
  40 plants
61 creatures vanquished.

Grand Total: 733 creatures vanquished

Notes
Turn   | Place    | Note
-------+----------+-------------------------------------------
     0 | D:1      | Skoner the Gargoyle Fighter began the quest for the Orb.
     0 | D:1      | Reached XP level 1. HP: 14/14 MP: 1/1
   160 | D:1      | Reached XP level 2. HP: 11/19 MP: 2/2
   377 | D:1      | Found a snail-covered altar of Cheibriados.
   595 | D:1      | Reached XP level 3. HP: 24/24 MP: 3/3
   986 | D:1      | Found Emasteagh's Jewellery Boutique.
  2031 | D:2      | Reached XP level 4. HP: 27/29 MP: 4/4
  3281 | D:3      | Reached skill level 1 in Dodging
  3321 | D:3      | Reached skill level 3 in Maces & Flails
  3882 | D:3      | Found a faded altar of an unknown god.
  4404 | D:4      | Noticed a black bear
  4413 | D:4      | Killed a black bear
  4414 | D:4      | Reached skill level 1 in Invocations
  4414 | D:4      | Reached XP level 5. HP: 27/33 MP: 5/5
  4567 | D:4      | Found a staircase to the Ecumenical Temple.
  4624 | Temple   | Entered the Ecumenical Temple
  4642 | Temple   | Reached XP level 6. HP: 38/38 MP: 6/6
  4722 | Temple   | Became a worshipper of the Shining One
  4889 | D:4      | Reached skill level 4 in Maces & Flails
  4973 | D:4      | Noticed a black bear
  4981 | D:4      | Killed a black bear
  4982 | D:4      | Reached XP level 7. HP: 36/44 MP: 8/8
  5152 | D:4      | Reached skill level 5 in Maces & Flails
  5248 | D:5      | Entered Level 5 of the Dungeon
  5379 | D:5      | Noticed a wraith
  5410 | D:5      | Killed a wraith
  5411 | D:5      | Reached skill level 5 in Armour
  5411 | D:5      | Reached XP level 8. HP: 30/48 MP: 9/9
  5419 | D:5      | Reached skill level 5 in Fighting
  5511 | D:5      | Noticed Sigmund
  5519 | D:5      | Killed Sigmund
  5696 | D:5      | Reached skill level 6 in Maces & Flails
  6166 | D:5      | Noticed Menkaure
  6173 | D:5      | Killed Menkaure
  6174 | D:5      | Reached skill level 5 in Shields
  6350 | D:5      | Found a runed translucent door.
  6351 | D:5      | Noticed Crazy Yiuf
  6359 | D:5      | Killed Crazy Yiuf
  6434 | D:6      | Found Peody's Antique Armour Shop.
  6450 | D:6      | Bought a runed cloak for 180 gold pieces
  6655 | D:6      | Reached * piety under the Shining One
  6662 | D:6      | Reached XP level 9. HP: 53/55 MP: 11/11
  6728 | D:6      | Reached skill level 7 in Maces & Flails
  7251 | D:7      | Found a flagged portal.
  7260 | Bailey   | Entered a bailey
  7335 | Bailey   | Reached ** piety under the Shining One
  7429 | Bailey   | Reached *** piety under the Shining One
  7435 | Bailey   | Reached skill level 8 in Maces & Flails
  7514 | Bailey   | Identified the +0 buckler of the Queen of Swords {Harm
                  | *Slow rElec rC+}
  7515 | Bailey   | Identified the +7 chain mail of Latyrig {rPois Will++
                  | Int-4}
  7681 | Bailey   | Noticed a gargoyle
  7721 | Bailey   | Killed a gargoyle
  8109 | D:7      | Reached XP level 10. HP: 61/61 MP: 13/13
  8147 | D:7      | Reached **** piety under the Shining One
  8353 | D:7      | Found Vius Ify's Distillery.
  8425 | D:7      | Reached skill level 9 in Maces & Flails
  8729 | D:7      | Noticed Joseph
  8745 | D:7      | Killed Joseph
  8746 | D:7      | Reached skill level 5 in Invocations
  9480 | D:8      | Reached skill level 10 in Maces & Flails
  9488 | D:8      | Reached XP level 11. HP: 68/68 MP: 10/15
  9844 | D:8      | Found a glowing silver altar of Zin.
 10346 | D:9      | Noticed a deep elf zephyrmancer
 10351 | D:9      | Killed a deep elf zephyrmancer
 10352 | D:9      | Noticed a manticore
 10353 | D:9      | Noticed a centaur warrior
 10375 | D:9      | Killed a manticore
 10384 | D:9      | Killed a centaur warrior
 10388 | D:9      | Noticed a cyclops
 10400 | D:9      | Killed a cyclops
 10401 | D:9      | Reached skill level 11 in Maces & Flails
 10768 | D:9      | Noticed a centaur warrior
 10785 | D:9      | Killed a centaur warrior
 10942 | D:10     | Entered Level 10 of the Dungeon
 10972 | D:10     | Noticed Fannar
 10990 | D:10     | Killed Fannar
 10991 | D:10     | Reached XP level 12. HP: 75/75 MP: 16/16
 11210 | D:10     | Noticed Amaemon
 11217 | D:10     | Reached skill level 5 in Dodging
 11225 | D:10     | Killed Amaemon
 11295 | D:10     | Found a staircase to the Lair.
 11581 | D:10     | Noticed Nergalle
 11590 | D:10     | Killed Nergalle
 12393 | D:11     | Reached ***** piety under the Shining One
 12456 | D:11     | Reached skill level 10 in Armour
 12539 | D:11     | Found a staircase to the Orcish Mines.
 12559 | D:11     | Reached skill level 12 in Maces & Flails
 13170 | D:12     | Noticed a boulder beetle
 13190 | D:12     | Killed a boulder beetle
 13276 | D:12     | Noticed a two-headed ogre
 13288 | D:12     | Killed a two-headed ogre
 13662 | D:12     | Found a runed translucent door.
 13662 | D:12     | Noticed ang3lsp1der's ghost (journeyman MiFi)
 13677 | D:12     | Identified the +7 mace of Offence {flame, rF+ rC+ Int+4}
 13842 | D:12     | Noticed a two-headed ogre
 13850 | D:12     | Killed a two-headed ogre
 13895 | D:12     | Reached XP level 13. HP: 76/81 MP: 18/18
 14159 | D:12     | Found an iron altar of Okawaru.
 14662 | D:13     | Reached skill level 10 in Shields
 14692 | D:13     | Found a frozen archway.
 14701 | IceCv    | Entered an ice cave
 14719 | IceCv    | Reached skill level 10 in Fighting
 15033 | IceCv    | Identified the +2 pair of boots of the Kettle-Drum {rC+
                  | Will+ Dex+5}
 15234 | IceCv    | Noticed a reaper
 15253 | IceCv    | Killed a reaper
 15436 | D:13     | Reached skill level 13 in Maces & Flails
 15839 | D:13     | Noticed a yaktaur captain
 15848 | D:13     | Killed a yaktaur captain
 16301 | D:8      | Identified the +0 helmet of Agnosticism {Will- MP+9 Dex-4
                  | SInv}
 17462 | D:14     | Gained mutation: Your large and strong wings let you fly.
                  | [Gargoyle growth]
 17462 | D:14     | Reached XP level 14. HP: 35/88 MP: 13/20
 17782 | D:14     | Found a gate to the Vaults.
 17997 | D:14     | Found Qingim's Magic Scroll Shop.
 18005 | D:14     | Bought a scroll of enchant weapon for 75 gold pieces
 18096 | D:14     | Found Nyomirac's Antique Armour Shoppe.
 18105 | D:14     | Bought a glowing buckler for 187 gold pieces
 18474 | D:15     | Entered Level 15 of the Dungeon
 18637 | Lair:1   | Entered Level 1 of the Lair of Beasts
 19035 | Lair:1   | Reached skill level 14 in Maces & Flails
 19440 | Orc:1    | Entered Level 1 of the Orcish Mines
 19472 | Orc:1    | Noticed Sonja
 19484 | Orc:1    | Killed Sonja
 19735 | Orc:1    | Found a radiant altar of Vehumet.
 20084 | Orc:2    | Entered Level 2 of the Orcish Mines
 20961 | Orc:2    | Noticed Snorg
 21251 | Orc:2    | Killed Snorg
 21252 | Orc:2    | Reached XP level 15. HP: 57/96 MP: 22/22
 21783 | Orc:2    | Found a staircase to the Elven Halls.
 21922 | Orc:2    | Found Sankicib's Book Shoppe.
 21922 | Orc:2    | Found Unado's General Store.
 21923 | Orc:2    | Found Boesevy's Jewellery Boutique.
 21923 | Orc:2    | Found Itumn's Weapon Shoppe.
 21931 | Orc:2    | Bought a potion of curing for 42 gold pieces
 22077 | Orc:2    | Bought a +4 ring of evasion for 504 gold pieces
 23749 | D:15     | Found a staircase to the Depths.
 23910 | Depths:1 | Entered Level 1 of the Depths
 24795 | Depths:1 | Reached skill level 10 in Invocations
 24799 | Depths:1 | Noticed a lich
 24817 | Depths:1 | Killed a lich
 24842 | Depths:1 | Noticed a frost giant
 25630 | Lair:2   | Noticed Maggie
 25642 | Lair:2   | Killed Maggie
 25999 | Lair:2   | Found a glowing golden altar of the Shining One.
 26057 | Lair:2   | Noticed Urug
 26070 | Lair:2   | Killed Urug
 26763 | Lair:3   | Reached ****** piety under the Shining One
 26948 | Lair:3   | Identified a +4 sacred scourge of holy wrath (a +2 demon
                  | whip of venom blessed by the Shining One)
 26948 | Lair:3   | Received a gift from the Shining One
 27420 | Lair:4   | Reached XP level 16. HP: 104/104 MP: 23/23
 27595 | Lair:4   | Found a hole to the Spider Nest.
 27648 | Lair:4   | Found a staircase to the Shoals.
 27990 | Lair:4   | Reached skill level 15 in Maces & Flails
 28024 | Lair:4   | Found the +8 whip "Snakebite" {venom, curare, rPois}
 28184 | Lair:5   | Found a dark tunnel.
 28206 | Volcano  | Entered a volcano
 28292 | Volcano  | Found a bloodstained altar of Trog.
 30074 | Lair:6   | Entered Level 6 of the Lair of Beasts
 30663 | Lair:6   | Killed from afar by a fire dragon

Illustrated notes

Levels and vault maps discovered:
D:1:      tarquinn_simple_flora_water_f, layout_basic, serial_shops,
          nicolae_shop_behind_doors, minmay_hexomino_r4
D:2:      layout_loops_corners, corexii_corridor_pit, kennysheep_generic_room_12
D:3:      layout_basic, hellmonk_ecumenical_altar_crossroads, st_stairs_1
D:4:      layout_loops_cross, minmay_temple_entry_poolview, grunt_decor_cap
D:5:      layout_basic, st_stairs_14, minmay_quadrilaterals, uniq_menkaure,
          uniq_crazy_yiuf_cottage, uniq_sigmund
D:6:      layout_basic, serial_shops, nicolae_diamond_shop
D:7:      minmay_razor_zed, layout_loops_ring, serial_shops,
          nicolae_square_shop, enter_bailey_6, uniq_joseph
D:8:      minmay_polygon_palace, layout_rooms, zin_scriptorium, minivault_21,
          st_stairs_11
D:9:      nzn_winding_woodlands_medium [nzn_winding_woodlands_5x5_closed_star,
          nzn_winding_woodlands_5x15_pockets, nzn_winding_woodlands_5x5_three,
          nzn_winding_woodlands_5x5_cross,
          nzn_winding_woodlands_center_triple_pond,
          nzn_winding_woodlands_hourglass, nzn_winding_woodlands_5x5_perimeter,
          nzn_winding_woodlands_5x15_crooked,
          nzn_winding_woodlands_5x5_checkerboard], layout_rooms,
          palyth_stone_intersect, minmay_misc_feat_secret_circle
D:10:     layout_layer_cave, erik_lair_orcish_takeover, uniq_amaemon,
          uniq_nergalle, uniq_fannar
D:11:     layout_roguey, orc_0_dummy
D:12:     layout_gridville, hellmonk_ghost_happy_afterlife, okawaru_humans
D:13:     evilmike_horseshoe, layout_layer_cave, portal_ice_cave_entry_pillars_2
D:14:     layout_long_grid, david_vaults_1, serial_shops, shop_statue, shop
D:15:     gammafunk_enter_depths_forms, layout_long_grid,
          minmay_fractal_squares_5
Temple:   mainiacjoe_temple_archimedes_tessellation
Lair:1:   minmay_lair_venomous_thicket, layout_big_grid, kennysheep_rathole
Lair:2:   layout_cave_pods, basic_altar, lemuel_fruit_fields,
          grunt_megastairs_5, uniq_urug, uniq_maggie
Lair:3:   layout_roguey, lemuel_fruit_tree
Lair:4:   minmay_guarded_unrand_snakebite, layout_gridlike,
          minmay_shoals_entry_lonely_mermaid, dummy_spider_entry,
          serial_bayou_shore_b
Lair:5:   minmay_lair_oklob_chamber, layout_layer_cave,
          nicolae_volcano_entry_vermiform
Lair:6:   wormcave, layout_hall_layers, guppyfry_lair_end_dragon,
          nicolae_slime_entry_slimehenge
Orc:1:    layout_diamond_mine, basic_altar, uniq_sonja
Orc:2:    st_orc_ogre_mass, layout_caves, bh_open_orc_temple, uniq_snorg
Depths:1: layout_cave_pools, pf_coc_iceberg, nicolae_yredelemnul_corpse_copse,
          minmay_shop_grove

Skill      XL: |  1  2  3  4  5  6  7  8  9 10 11 12 13 14 15 16 |
---------------+-------------------------------------------------+-----
Dodging        | 1 2 3 4 5 6 7 8 |  8.0
Maces & Flails | 3 4 5 6 8 10 11 12 13 14 15 | 15.3
Fighting       | 4 5 6 7 8 9 10 12 13 | 13.7
Armour         | 4 5 6 7 8 9 10 11 12 13 14 | 14.3
Shields        | 4 5 6 8 9 11 12 13 14 | 14.0
Invocations    | 1 2 3 4 5 6 7 8 9 10 | 10.7

Action                   |  1- 3 |  4- 6 |  7- 9 | 10-12 | 13-15 | 16-18 || total
-------------------------+-------+-------+-------+-------+-------+-------++-------
Melee: Flail             |   110 |   202 |   152 |       |       |       ||   464
       Whip              |       |       |   222 |   772 |       |       ||   994
       Mace              |       |       |       |     8 |  1375 |       ||  1383
       Sacred scourge    |       |       |       |       |     3 |   357 ||   360
Invok: Divine Shield     |       |       |     1 |     5 |    10 |     1 ||    17
       Cleansing Flame   |       |       |       |     4 |    10 |     2 ||    16
       Brand Weapon With |       |       |       |       |     1 |       ||     1
Evoke: Wand              |       |       |       |       |     1 |       ||     1
  Use: Scroll            |       |     5 |     6 |    10 |    15 |     2 ||    38
       Potion            |       |       |     2 |       |     3 |     1 ||     6
Armor: Scale mail        |    68 |    51 |       |       |       |       ||   119
       Chain mail        |       |   105 |   235 |   452 |   867 |   177 ||  1836
Dodge: Dodged            |    74 |   119 |   167 |   293 |   785 |   206 ||  1644
Block: Buckler           |    44 |    71 |    86 |   224 |   547 |   147 ||  1119
       Reflection        |       |       |       |       |    18 |     3 ||    21

Table legend: (Time is in decaauts)
 A = Elapsed time spent in this place.
 B = Non-inter-level travel time spent in this place.
 C = Inter-level travel time spent in this place.
 D = Time resting spent in this place.
 E = Time spent auto-exploring this place.
 F = Levels seen in this place.
 G = Mean time per level.
                   A        B        C        D        E       F      G
               +--------+--------+--------+--------+--------+-----+--------+
         Total |  29937 |  28357 |   1580 |   8680 |  13783 |  28 | 1069.2 |
       Dungeon |  20076 |  18772 |   1304 |   5434 |   9821 |  15 | 1338.4 |
        Temple |    136 |    136 |      0 |      0 |     70 |   1 |  136.0 |
          Lair |   5383 |   5256 |    127 |   1270 |   3157 |   6 |  897.2 |
  Orcish Mines |   2636 |   2488 |    148 |   1387 |    588 |   2 | 1318.0 |
        Depths |    116 |    116 |      0 |     11 |      0 |   1 |  116.0 |
        Bailey |    781 |    781 |      0 |    391 |     96 |   1 |  781.0 |
      Ice Cave |    592 |    592 |      0 |    172 |     51 |   1 |  592.0 |
       Volcano |    214 |    214 |      0 |     15 |      0 |   1 |  214.0 |
               +--------+--------+--------+--------+--------+-----+--------+

Top non-repeatable levels by time:
    D:15: 2486 daAuts
  Lair:5: 2105 daAuts
    D:13: 1973 daAuts
     D:3: 1828 daAuts
   Orc:1: 1760 daAuts
    D:14: 1649 daAuts
    D:12: 1574 daAuts
     D:1: 1491 daAuts
    D:10: 1434 daAuts
     D:5: 1186 daAuts
     D:2: 1143 daAuts
     D:8: 1017 daAuts
  Lair:2: 994 daAuts
    D:11: 933 daAuts
     D:9: 924 daAuts
